 Dungeon Crawl Stone Soup version 0.31-a0-233-g139696dc86 (webtiles) character file.

Game seed: 17265534349472241970

1346 experimilk the Stinger (level 8, -2/57 HPs)
             Began as a Purple Draconian Venom Mage on July 7, 2023.
             Was an Initiate of Sif Muna.
             Slain by Menkaure (18 damage)
             ... on level 6 of the Dungeon.
             The game lasted 00:24:31 (12043 turns).

experimilk the Stinger (DrVM)                      Turns: 12043, Time: 00:24:32

Health: -2/57      AC:  9    Str: 10    XL:     8   Next: 36%
Magic:  7/11       EV: 17    Int: 19    God:    Sif Muna [......]
Gold:   223        SH:  0    Dex: 11    Spells: 1/11 levels left

rFire   . . .        k - staff of poison
rCold   . . .        (no shield)
rNeg    . . .        (body armour unavailable)
rPois   +            (helmet restricted)
rElec   .            a - scarf {+Inv}
rCorr   .            (no gloves)
SInv    .            o - +2 pair of boots
Will    +....        (no amulet)
Stlth   ++           g - +5 ring of evasion
HPRegen 0.29/turn    r - ring of poison resistance
MPRegen 0.12/turn

%: no passive effects
@: short of breath
A: breathe power, AC +6, unfitting armour, cold-blooded
a: Breathe Dispelling Energy, Renounce Religion, Evoke Invisibility


You were on level 6 of the Dungeon.
You worshipped Sif Muna.
Sif Muna was noncommittal.
You visited 2 branches of the dungeon, and saw 7 of its levels.

You collected 223 gold pieces.

Inventory:

Hand Weapons
 b - a +0 club
 p - a +1 mace of venom
Missiles
 w - a throwing net
Armour
 a - a scarf of invisibility (worn)
 n - a +0 pair of boots
 o - a +2 pair of boots (worn)
 v - a +0 cloak
Magical Staves
 k - a staff of poison (weapon)
Jewellery
 g - a +5 ring of evasion (left hand)
 l - a ring of flight
 r - a ring of poison resistance (right hand)
Scrolls
 m - a scroll of vulnerability {unknown}
 q - a scroll of blinking {unknown}
Potions
 c - a potion of brilliance {unknown}
 d - 3 potions of haste
 e - a potion of cancellation
 f - a potion of berserk rage {unknown}
 h - 2 potions of heal wounds
 i - 3 potions of curing
 j - a potion of might {unknown}
 s - 2 potions of magic
 t - a potion of enlightenment {unknown}
 u - a potion of mutation {unknown}


   Skills:
 + Level 4.0 Staves
 - Level 1.7 Dodging
 - Level 1.7 Stealth
 - Level 2.4 Spellcasting
 + Level 4.2 Conjurations
 - Level 1.0 Transmutations
 * Level 7.7 Poison Magic
 + Level 4.0 Evocations


You had one spell level left.
You knew the following spells:

 Your Spells              Type           Power      Damage    Failure   Level
a - Sting                 Tmut/Pois      100%       1d8       2%          1
c - Mephitic Cloud        Conj/Pois/Air  26%        N/A       10%         3
x - Olgreb's Toxic Radia  Pois           47%        N/A       7%          4
z - Poisonous Vapours     Pois/Air       50%        N/A       4%          2

Your spell library contained the following spells:

 Spells                   Type           Power      Damage    Failure   Level
 Passwall                 Tmut/Erth      3%         N/A       21%         2
 Ensorcelled Hibernation  Hex/Ice        4%         N/A       24%         2
 Swiftness                Air            2%         N/A       43%         3
 Summon Forest            Summ/Tloc      1%         N/A       99%         5
 Summon Mana Viper        Hex/Summ       2%         N/A       99%         5
 Summon Cactus Giant      Summ           1%         N/A       100%        6


Dungeon Overview and Level Annotations

Branches:
Dungeon (6/15)             Temple (1/1) D:5

Altars:
Ashenzari
Cheibriados
Elyvilon
Gozag
Hepliaklqana
Okawaru
Qazlal
Ru
Sif Muna
Trog
Vehumet
Yredelemnul
Zin
The Shining One

Annotations:
D:6 Menkaure


Innate Abilities, Weirdness & Mutations

You can breathe bolts of dispelling energy.
Your rich purple scales are hard. (AC +6)
You cannot fit into any form of body armour.
You are cold-blooded and may be slowed by cold attacks.


Message History

You climb upwards.
Welcome back to the Dungeon!
There is a staircase to the Ecumenical Temple here.
There is a stone staircase leading down here.
You climb downwards.
There is a stone staircase leading up here.
Found a stone staircase leading down.
There is a stone staircase leading down here.
Menkaure, Prince of Dust comes into view.
Menkaure shouts!
Menkaure gestures wildly while chanting.
Menkaure seems to speed up.
You start waiting.
Menkaure is nearby!
Aiming: Breathe Dispelling Energy (4% risk of failure)
Press: ? - help, Shift-Dir - straight line, f - Menkaure
Aim: Menkaure (fast, 78% to hit)
You breathe a bolt of dispelling energy.
The bolt of dispelling energy hits Menkaure!
Menkaure is heavily damaged.
Menkaure's magical effects unravel!
Menkaure gestures wildly while chanting.
Menkaure seems to speed up.
You feel a surge of power!
The sting hits Menkaure.
Menkaure partially resists.
Menkaure is severely damaged.
You feel a surge of power!
The sting hits Menkaure.
Menkaure partially resists.
Menkaure is severely damaged.
Menkaure rustles in an indecipherable tongue.
Menkaure misses you.
You feel a surge of power!
The sting hits Menkaure but does no damage.
Menkaure is severely damaged.
Menkaure calls on the powers of darkness!
Your body is wracked with pain!
You feel a surge of power!
The sting hits Menkaure.
Menkaure partially resists.
Menkaure is severely damaged.
Menkaure calls on the powers of darkness!
Your body is wracked with pain!
* * * LOW HITPOINT WARNING * * *
Menkaure hits you!!
You die...

##..M. # #....
. #.#.... ..
#.#... #. ....#
#..###..#
#...#..########
# #....M@.....#
.#####..
###........##
........
#.........#
........
#.........#
........
#.........#
.......
#.........#
......
#.........#
..###
##.......##
....#####
##.....###


You could see Menkaure (fast).

Vanquished Creatures
  An ice beast (D:4)
  A black bear (D:5)
  2 ogres
  A phantom (D:6)
  4 scorpions
  2 jellies
  3 hounds
  2 orc priests (D:5)
  A gnoll bouda (D:5)
  2 iguanas
  5 orc wizards
  Robin (D:3)
  4 gnolls
  9 adders
  2 ufetubi
  24 orcs
  8 ball pythons
  2 bats
  4 endoplasms
  3 giant cockroaches
  11 hobgoblins
  12 jackals
  4 quokkas
  5 frilled lizards
  14 goblins
  5 kobolds
  7 rats
139 creatures vanquished.

Notes
Turn   | Place    | Note
-------+----------+-------------------------------------------
     0 | D:1      | experimilk the Draconian Venom Mage began the quest for the
                  | Orb.
     0 | D:1      | Reached XP level 1. HP: 14/14 MP: 3/3
   368 | D:1      | Reached XP level 2. HP: 15/20 MP: 1/5
   522 | D:1      | Learned a level 2 spell: Poisonous Vapours
  1121 | D:1      | Found a faded altar of an unknown god.
  1183 | D:1      | Reached skill level 4 in Poison Magic
  1795 | D:2      | Found a glowing golden altar of the Shining One.
  1853 | D:2      | Reached XP level 3. HP: 26/26 MP: 1/6
  1913 | D:2      | Learned a level 3 spell: Mephitic Cloud
  2983 | D:3      | Found a snail-covered altar of Cheibriados.
  3061 | D:3      | Reached skill level 1 in Conjurations
  3061 | D:3      | Reached XP level 4. HP: 26/33 MP: 0/7
  3568 | D:3      | Noticed Robin
  3571 | D:3      | Killed Robin
  3572 | D:3      | Reached skill level 5 in Poison Magic
  3796 | D:3      | Reached skill level 1 in Staves
  3796 | D:3      | Reached XP level 5. HP: 18/38 MP: 0/8
  5423 | D:4      | Found a broken altar of Ashenzari.
  5581 | D:4      | Noticed an ogre
  5605 | D:4      | Killed an ogre
  5606 | D:4      | Reached skill level 1 in Evocations
  5606 | D:4      | Reached XP level 6. HP: 45/45 MP: 2/9
  5793 | D:4      | Reached skill level 6 in Poison Magic
  6606 | D:4      | Your scales start taking on a rich purple colour.
  6606 | D:4      | Reached XP level 7. HP: 50/50 MP: 4/10
  6929 | D:4      | Learned a level 4 spell: Olgreb's Toxic Radiance
  7413 | D:5      | Entered Level 5 of the Dungeon
  8090 | D:5      | Reached skill level 7 in Poison Magic
  8232 | D:5      | Found a staircase to the Ecumenical Temple.
  9355 | D:5      | Reached XP level 8. HP: 42/57 MP: 4/11
 11895 | Temple   | Entered the Ecumenical Temple
 11972 | Temple   | Became a worshipper of Sif Muna the Loreminder
 12032 | D:6      | Noticed Menkaure
 12043 | D:6      | Slain by Menkaure

Illustrated notes

Levels and vault maps discovered:
D:1:      elethiomel_arrival_infinity_welcomes_careful_drivers, layout_basic,
          shapermc_ecumenical_altar_mp_highgroup
D:2:      layout_basic, basic_altar
D:3:      kennysheep_goblin_castle, layout_basic, marbit_many_paths,
          minmay_misc_feat_roman
D:4:      layout_loops_corners, cheibrodos_ashenzari_chains,
          kennysheep_generic_room_8
D:5:      layout_rooms, minmay_temple_entry_from_below_a,
          kennysheep_decorative_pillar, grunt_ministairs_7, st_stairs_4
D:6:      wad_lake_hut, layout_rooms, nicolae_dithmenos_through_a_glass_darkly,
          kennysheep_mini_moat, uniq_crazy_yiuf_cottage, uniq_menkaure
Temple:   nicolae_temple_hex_pool

Skill      XL: |  1  2  3  4  5  6  7  8 |
---------------+-------------------------+-----
Poison Magic   | 4 5 6 7 |  7.7
Conjurations   | 1 2 3 4 |  4.2
Staves         | 1 2 3 4 |  4.0
Evocations     | 1 2 3 4 |  4.0
Dodging        | |  1.7
Stealth        | |  1.7
Spellcasting   | |  2.4
Transmutations | |  1.0

Action                     |  1- 3 |  4- 6 |  7- 9 || total
---------------------------+-------+-------+-------++-------
  Melee: Unarmed           |     8 |       |       ||     8
         Club              |    18 |       |       ||    18
         Tailslap          |     4 |     4 |    11 ||    19
         Staff             |     1 |    42 |    56 ||    99
         Punch             |       |       |     1 ||     1
   Cast: Sting             |    73 |    67 |    86 ||   226
         Poisonous Vapours |     5 |    32 |    53 ||    90
         Mephitic Cloud    |       |       |     3 ||     3
Ability: Breathe Dispellin |       |       |     8 ||     8
    Use: Scroll            |       |     5 |     2 ||     7
         Potion            |       |     1 |       ||     1
 Armour: Skin              |    20 |    35 |    30 ||    85
  Dodge: Dodged            |    56 |    91 |   121 ||   268

Table legend: (Time is in decaauts)
 A = Elapsed time spent in this place.
 B = Non-inter-level travel time spent in this place.
 C = Inter-level travel time spent in this place.
 D = Time resting spent in this place.
 E = Time spent auto-exploring this place.
 F = Levels seen in this place.
 G = Mean time per level.
                   A        B        C        D        E       F      G
               +--------+--------+--------+--------+--------+-----+--------+
         Total |  12072 |  11743 |    329 |   6433 |   4059 |   7 | 1724.6 |
       Dungeon |  11974 |  11664 |    310 |   6433 |   3998 |   6 | 1995.7 |
        Temple |     97 |     78 |     19 |      0 |     61 |   1 |   97.0 |
               +--------+--------+--------+--------+--------+-----+--------+

Top non-repeatable levels by time:
     D:4: 4301 daAuts
     D:5: 2463 daAuts
     D:3: 1746 daAuts
     D:1: 1525 daAuts
     D:2: 1353 daAuts
     D:6: 584 daAuts
  Temple: 97 daAuts
